AoeStats
← Gkzaim

African Clearing

510865300Analyzed
2v2 RM · 4h ago on Oct 2, 2026· 46m 41s· 4 players
Game mode
Random Map
Map size
Medium (4 player)
Population
200
Speed
Normal
Resources
Standard
Victory
Conquest
Starting age
Dark Age
Ending age
Imperial Age
RankedLock teamsTeams togetherTeam positionsShared explorationLock speedFull tech treeHidden civsTurbo modeCheats
Victory
Defeat
🇹🇷 Malians · Türkiye
1143
+14
🇹🇷 Huns · Türkiye
1106
+16
🇦🇷 Khmer · Argentina
1112
-15
🇦🇷 Vietnamese · Argentina
1094
-15
Gederico
10:50 Loom
13:29 Feudal Age
18:55 Castle Age
18:05 Double-Bit Axe
18:54 Scale Mail Armor
18:49 Gold Mining
26:23 Town Watch
26:50 Arson
30:47 Fletching
33:04 Bodkin Arrow
BP MonoSimon
6:08 Loom
13:31 Feudal Age
13:37 Feudal Age
20:47 Castle Age
21:35 Husbandry
24:21 Bloodlines
25:24 Horse Collar
31:14 Pikeman
33:20 Scale Mail Armor
33:30 Forging
42:22 Imperial Age
39:43 Elite Skirmisher
40:48 Tusk Swords
41:10 Fletching
41:21 Padded Archer Armor
41:34 Forging
43:24 Ballistics
44:51 Chemistry
Gkzaim
14:04 Feudal Age
15:03 Loom
15:33 Stone Mining
20:19 Castle Age
19:14 Gold Mining
19:11 Double-Bit Axe
23:43 Gold Shaft Mining
23:59 Bow Saw
25:00 Fletching
25:10 Padded Archer Armor
25:53 Wheelbarrow
25:17 Horse Collar
26:34 Heavy Plow
28:55 Scale Mail Armor
29:06 Forging
30:49 Hand Cart
35:02 Imperial Age
33:57 Bloodlines
33:47 Husbandry
33:47 Bodkin Arrow
34:07 Leather Archer Armor
34:38 Thumb Ring
35:49 Iron Casting
35:21 Scale Barding Armor
35:41 Ballistics
36:49 Chemistry
36:28 Conscription
37:19 Parthian Tactics
36:59 Bracer
37:16 Cavalier
38:18 Heavy Cavalry Archer
44:17 Paladin
45:23 Chain Barding Armor
seher9203
3:43 Loom
13:07 Feudal Age
13:08 Man-at-Arms
14:29 Arson
15:09 Scale Mail Armor
15:33 Forging
21:21 Castle Age
19:55 Horse Collar
21:43 Scale Mail Armor
21:39 Long Swordsman
37:36 Imperial Age
39:41 Chain Mail Armor
44:03 Elite Gbeto
45:51 Conscription
46:44 Plate Mail Armor
46:49 Iron Casting
46:22 Scale Barding Armor
Connection lost

Rejoining the realm…

Still unreachable

The connection could not be restored.

Session expired

The server has moved on; the page needs a fresh start.